[Event "Early-Titled-Tuesday-Blitz-November-28-2023"]
[Site "Chess.com"]
[Date "2023.11.28"]
[Round "9"]
[White "Zhigalko_Sergei"]
[Black "atbenina64"]
[Result "1-0"]
[WhiteElo "2913"]
[BlackElo "2782"]
[TimeControl "180+1"]
[EndTime "9:51:47 PST"]
[Termination "Zhigalko_Sergei won on time"]

1. e4 c5 2. Nf3 d6 3. d4 cxd4 4. Qxd4 Nf6 5. Nc3 Nc6 6. Bb5 e5 7. Qd3 h6 8. O-O Be7 9. Rd1 O-O 10. h3 Be6 11. Ba4 Rc8 12. Bb3 a6 13. Be3 b5 14.
a4 Nb4 15. Qe2 Qe8 16. axb5 axb5 17. Ra7 Bxb3 18. cxb3 Nc6 19. Rb7 b4 20. Nd5 Nxd5 21. exd5 Na5 22. Rxb4 Rb8 23. Bb6 Bd8 24. Qa6 Bxb6 25.
Rxb6 Nxb3 26. Rxd6 Nc5 27. Qc6 Ne4 28. Rd7 Rxb2 29.
d6 Nxf2 30. Rf1 Nd3 31. Qc7 1-0

[Event "Early-Titled-Tuesday-Blitz-November-28-2023"]
[Site "Chess.com"]
[Date "2023.11.28"]
[Round "9"]
[White "Narek_Ghimoyan"]
[Black "JoliyRoger"]
[Result "1-0"]
[WhiteElo "2331"]
[BlackElo "2481"]
[TimeControl "180+1"]
[EndTime "9:51:47 PST"]
[Termination "Narek_Ghimoyan won on time"]

1. d4 Nf6 2. c4 e6 3. Nf3 c5 4. d5 exd5 5. cxd5 d6 6. Nc3 g6 7. h3 Bg7 8. e4 O-O 9. Bd3 Na6 10. O-O Nh5 11. Re1 Nc7 12. Be3 Rb8 13. a4 a6 14.
a5 Bd7 15. Nd2 Nb5 16. Nxb5 axb5 17. Qc2 Qf6 18. e5 Qxe5 19. Bxc5 Qxd5 20. Be3 Rbc8 21.
Qb1 Bc6 22. Be4 Qe6 23. Bxc6 bxc6 24. Bh6 Qd5 25. Bxg7 Kxg7 26. Ne4 Nf4 27. Qc2 Ne6 28. Rad1 Nd4 29. Qc3 c5 30. b4 Rfe8 31. bxc5 dxc5 32. Ng3 b4 33. Qb2 Rxe1+ 34. Rxe1 Ra8 35. Ne4 Rxa5 36. Qd2 Ra2 37. Qf4 f5 38. Qc7+ Qf7 39. Qe5+ Kh6 40.
Nxc5 Nc6 41. Qf4+ g5 42. Qd6+ Kh5 43. Qxc6 Qc4 44. Qf3+ g4 45. Qxf5+ Kh4 46. g3+ 1-0

[Event "Early-Titled-Tuesday-Blitz-November-28-2023"]
[Site "Chess.com"]
[Date "2023.11.28"]
[Round "9"]
[White "AlexPapasimakopoulos"]
[Black "Jospem"]
[Result "0-1"]
[WhiteElo "2662"]
[BlackElo "3061"]
[TimeControl "180+1"]
[EndTime "9:51:51 PST"]
[Termination "Jospem won by resignation"]

1. d4 Nf6 2. c4 e6 3. Nc3 Bb4 4. Qc2 d6 5. a3 Bxc3+ 6. Qxc3 Nbd7 7. f3 c5 8. dxc5 Nxc5 9. e4 e5 10. Be3 Qc7 11. b4 Ne6 12. Bd3 O-O 13. Ne2 b6 14. O-O Bb7 15. Qd2 Rac8 16. Rac1 Rfd8 17. Rfd1 Qb8 18. Nc3 Nf8 19. Bf1 Ne8 20. a4 Ne6 21. Ra1 Ba6 22. b5 Bb7 23. a5 Nc5 24. a6 Ba8 25. Rab1 h6 26. Qf2 Nf6 27. Qh4 Nh7 28. Rd2 Ne6 29. Rbd1 Qc7 30. Qg3 Kh8 31. Qh4 Nhf8 32.
Qh3 Kg8 33. Qg4 Ng6 34. g3 Qe7 35. h4 Kh8 36. Kh2 Ngf8 37. Bd3 Nd7 38. Nd5 Bxd5 39. exd5 Nef8 40. h5 Nf6 41. Qf5 Qd7 42. Qxd7 N8xd7 43. Bf2 e4 44. fxe4 Ne5 45. Bd4 Nf3+ 46. Kg2 Nxd4 47. Kh2 Nf3+ 0-1

[Event "Early-Titled-Tuesday-Blitz-November-28-2023"]
[Site "Chess.com"]
[Date "2023.11.28"]
[Round "9"]
[White "Alexchess1984"]
[Black "defenceboy"]
[Result "0-1"]
[WhiteElo "2715"]
[BlackElo "2861"]
[TimeControl "180+1"]
[EndTime "9:51:51 PST"]
[Termination "defenceboy won by resignation"]

1. e4 e5 2. Nf3 Nc6 3. Bb5 a6 4. Ba4 Nf6 5. O-O Bc5 6. c3 b5 7. Bb3 d6 8. d4 Bb6 9. a4 Bb7 10.
Be3 Nxe4 11. axb5 axb5 12. Rxa8 Bxa8 13. Qd3 Na5 14. Bc2 Nc4 15. Bc1 O-O 16. b3 Na5 17.
Qxb5 exd4 18. Nxd4 Bxd4 19. cxd4 c5 20. dxc5 dxc5 21.
Rd1 Qc7 22. Qe2 Re8 23. Be3 Nc6 24. Qg4 Nd4 25. Bxd4 cxd4 26. Bd3 Qc6 27. Nc3 Nxc3 28. Ra1 Bb7 29. h3 h5 30. Qg3 Ne2+ 31. Bxe2 Rxe2 32.
Rd1 Qe4 33. Rc1 Re1+ 34. Rxe1 Qxe1+ 35. Kh2 Qe4 36. Qb8+ Kh7 37. Qg3 0-1

[Event "Early-Titled-Tuesday-Blitz-November-28-2023"]
[Site "Chess.com"]
[Date "2023.11.28"]
[Round "9"]
[White "Predator0608"]
[Black "OK97"]
[Result "0-1"]
[WhiteElo "2596"]
[BlackElo "2786"]
[TimeControl "180+1"]
[EndTime "9:51:52 PST"]
[Termination "OK97 won by resignation"]

1. e4 c5 2. Nf3 d6 3. d4 cxd4 4.
Nxd4 Nf6 5. Nc3 Nc6 6. Bg5 e6 7. Qd2 a6 8. O-O-O Bd7 9. f4 Be7 10. Nf3 b5 11. Bxf6 gxf6 12. Kb1 b4 13. Ne2 h5 14. f5 e5 15. Nc1 Qb6 16. Bc4 Na5 17.
Bd5 Rc8 18. Nd3 Nc4 19. Qxb4 Qxb4 20. Nxb4 a5 21. Bxc4 Rxc4 22. Nd5 Rxe4 23. Rd3 Bxf5 24. Rb3 Bd8 25. Rd1 O-O 26. Nc3 Rg4 27. g3 Be6 28.
Rb7 f5 29. Rxd6 Bf6 30. a3 Re8 31. Ne1 e4 32. Ne2 Be5 33. Ra6 Bc4 34. Rxa5 Bxe2 35. Rc5 f4 36. gxf4 Bxf4 37. a4 Rg1 38. a5 Rxe1+ 39. Ka2 e3 40. Rb6 Rg1 41. a6 Bxa6 42.
Rxa6 e2 0-1

[Event "Early-Titled-Tuesday-Blitz-November-28-2023"]
[Site "Chess.com"]
[Date "2023.11.28"]
[Round "9"]
[White "viktorgen2021"]
[Black "Agibileg"]
[Result "0-1"]
[WhiteElo "2465"]
[BlackElo "2651"]
[TimeControl "180+1"]
[EndTime "9:51:52 PST"]
[Termination "Agibileg won by resignation"]

1. Nf3 c6 2. c4 Nf6 3. g3 d5 4. Bg2 dxc4 5. O-O b5 6. a4 Bb7 7. Na3 a6 8. b3 e5 9. Bb2 e4 10. Ne5 Bxa3 11. Bxa3 Qd4 12. bxc4 Qxe5 13. d4 Qf5 14. Qd2 Nbd7 15. Qb4 c5 16. dxc5 O-O 17. axb5 a5 18. Qc3 Nxc5 19. Rad1 Rfc8 20. Rd6 h5 21. h3 Rd8 22. Rfd1 Rxd6 23. Rxd6 Rc8 24. Qe3 Qe5 25. Rb6 Qa1+ 26. Kh2 Nfd7 27. Rd6 Qe5 28. Rd2 Nb6 29. Bb2 Qe7 30. Qd4 f6 31. h4 Nb3 32. Qxb6 Nxd2 33. Bh3 Re8 34. Qd4 e3 35. f3 Bxf3 36. c5 Bxe2 37.
Qd5+ Qf7 38. Qxf7+ Kxf7 39. c6 Bxb5 40. c7 Ba6 0-1

[Event "Early-Titled-Tuesday-Blitz-November-28-2023"]
[Site "Chess.com"]
[Date "2023.11.28"]
[Round "9"]
[White "scarabee43"]
[Black "MatthewG-p4p"]
[Result "0-1"]
[WhiteElo "2825"]
[BlackElo "2949"]
[TimeControl "180+1"]
[EndTime "9:51:53 PST"]
[Termination "MatthewG-p4p won by resignation"]

1. d4 Nf6 2. c4 c5 3. d5 e6 4. Nc3 exd5 5. cxd5 d6 6. Nf3 g6 7. e4 a6 8. a4 Bg4 9. Be2 Bxf3 10.
Bxf3 Bg7 11. O-O Nbd7 12. g3 O-O 13. Bg2 Re8 14. Bf4 Qc7 15. Rc1 Rab8 16. b4 Nh5 17.
Be3 b5 18. axb5 axb5 19. bxc5 Nxc5 20. Ne2 Nf6 21. f3 Nfd7 22. Nd4 Ne5 23. Qe2 Qb7 24. f4 Nc4 25. Nc6 Nxe4 26. Nxb8 Nc3 27. Qf2 Qxb8 28. Ba7 Qa8 29. Rfe1 Rc8 30. Bd4 Bxd4 31. Qxd4 b4 32. Bf1 Na5 33. f5 Nb3 34. Qxb4 Nxc1 35. fxg6 hxg6 36.
Qxd6 Qxd5 37. Qf4 Qc5+ 38. Qf2 Nb3 39. Re3 Nd1 40. Re8+ Rxe8 0-1

[Event "Early-Titled-Tuesday-Blitz-November-28-2023"]
[Site "Chess.com"]
[Date "2023.11.28"]
[Round "9"]
[White "Quattroporte300"]
[Black "Mikhail_Golubev"]
[Result "0-1"]
[WhiteElo "2415"]
[BlackElo "2590"]
[TimeControl "180+1"]
[EndTime "9:51:53 PST"]
[Termination "Mikhail_Golubev won on time"]

1. e4 c5 2. Nc3 Nc6 3. Bb5 Nd4 4. Bc4 e6 5. Nge2 Nf6 6. O-O a6 7. a4 d5 8. exd5 exd5 9. Ba2 Nxe2+ 10. Qxe2+ Be7 11. Re1 Be6 12. d3 O-O 13. Bg5 Qd7 14.
h3 Rad8 15. Qf3 h6 16. Bh4 Rfe8 17. a5 Qc7 18. Bg3 Qc6 19. Bb3 Rf8 20. Be5 Nh7 21.
Qg3 Bf6 22. Ba4 Bxe5 23. Rxe5 Qc7 24. Bb3 Nf6 25. f4 c4 26. Ba4 Qxa5 27. f5 Qb6+ 28. Kh2 Qxb2 29. Rae1 Qxc3 30. fxe6 fxe6 31. Rxe6 cxd3 32.
cxd3 Rf7 33. Re7 Rdf8 34. Bd1 Rxe7 35. Rxe7 Rf7 36. Re6 Qc7 37. Re5 Nd7 38. Re8+ Nf8 0-1

[Event "Early-Titled-Tuesday-Blitz-November-28-2023"]
[Site "Chess.com"]
[Date "2023.11.28"]
[Round "9"]
[White "GMthekingindian"]
[Black "guillembaches"]
[Result "1-0"]
[WhiteElo "2329"]
[BlackElo "2501"]
[TimeControl "180+1"]
[EndTime "9:51:53 PST"]
[Termination "GMthekingindian won on time"]

1. d4 d5 2. Nc3 e6 3. e4 dxe4 4.
Nxe4 Nf6 5. Nxf6+ gxf6 6. g3 c5 7. Be3 Nc6 8. dxc5 Qxd1+ 9. Rxd1 Bd7 10. c3 Rc8 11. Bg2 a5 12. Ne2 Rc7 13. Nd4 Nxd4 14. cxd4 Bb5 15. f4 h5 16. h3 f5 17. Kf2 h4 18. g4 fxg4 19. hxg4 Bc6 20. d5 exd5 21. Bxd5 Bg7 22. b3 Re7 23. Bxc6+ bxc6 24. Rd6 O-O 25. Rxh4 Rfe8 26. Rh3 a4 27. b4 a3 28. f5 Bb2 29. g5 Re4 30. g6 Rxb4 31. gxf7+ Kxf7 32. Rh7+ Kg8 33. Rhd7 Rbe4 34. Rg6+ Kh8 35. Rh6+ Kg8 36. Rg6+ Kh8 37. Bh6 Bd4+ 38. Kf3 Bb2 39. Bg7+ Bxg7 40. Rgxg7 Rc4 41. Rh7+ Kg8 42. Rdg7+ Kf8 43.
f6 Rc3+ 44. Kf4 Rc4+ 45. Kf5 1-0

[Event "Early-Titled-Tuesday-Blitz-November-28-2023"]
[Site "Chess.com"]
[Date "2023.11.28"]
[Round "9"]
[White "DvaHrasta"]
[Black "IljaZaragatski"]
[Result "1-0"]
[WhiteElo "2523"]
[BlackElo "2607"]
[TimeControl "180+1"]
[EndTime "9:51:54 PST"]
[Termination "DvaHrasta won on time"]

1. c4 e5 2. g3 Nf6 3. Bg2 d5 4. cxd5 Nxd5 5. Nf3 Nc6 6. O-O Nb6 7. Nc3 Be7 8. d4 exd4 9. Nb5 O-O 10. Nfxd4 Nxd4 11. Qxd4 Qxd4 12. Nxd4 c6 13. a4 Bf6 14. e3 a5 15.
Bd2 Bxd4 16. exd4 Be6 17. b4 Nc4 18. Bc3 axb4 19. Bxb4 Rfd8 20. Bc3 Bd5 21. Rfb1 Ra7 22. Rb4 Na5 23. Bf1 f6 24. Rab1 Rda8 25. h3 Kf7 26. g4 h5 27. gxh5 Bf3 28. Kh2 Bxh5 29. Rb6 Bg6 30. R1b2 Be4 31. Bxa5 Rxa5 32. Rxb7+ Kg6 33.
Re7 Bd5 34. Rbb7 Rg8 35. Bd3+ Kh6 36. Bc2 Raa8 37. h4 Rab8 38. Kg3 Rxb7 39. Rxb7 Re8 40. Bd3 Re1 41. a5 Rd1 42. Bf5 Rxd4 43. Rb8 1-0

[Event "Early-Titled-Tuesday-Blitz-November-28-2023"]
[Site "Chess.com"]
[Date "2023.11.28"]
[Round "9"]
[White "Elbebiber"]
[Black "kai_nov"]
[Result "0-1"]
[WhiteElo "2113"]
[BlackElo "2237"]
[TimeControl "180+1"]
[EndTime "9:51:54 PST"]
[Termination "kai_nov won on time"]

1. d4 Nf6 2. Bg5 e6 3. e4 Be7 4. e5 Nd5 5. Bxe7 Nxe7 6. Nf3 O-O 7. Bd3 d6 8. O-O dxe5 9. Nxe5 f5 10. c3 Nbc6 11. Re1 Nxe5 12. Rxe5 Ng6 13. Re1 Qf6 14. Nd2 Bd7 15. Nf3 Rae8 16. Bc4 Bc6 17. d5 exd5 18.
Bxd5+ Kh8 19. Bxc6 Qxc6 20. Qd4 Re4 21. Qxa7 Nf4 22.
Re3 Rxe3 23. fxe3 Nh3+ 24. Kf1 f4 25. Qd4 fxe3 26. Qxe3 Nf4 27. Re1 Nd5 28. Qe4 h6 29. h3 Qa6+ 30. Kg1 Nf6 31. Qe2 Qxa2 32. Kh2 Qf7 33. Ne5 Qe8 34. Nf3 Qc6 0-1

[Event "Early-Titled-Tuesday-Blitz-November-28-2023"]
[Site "Chess.com"]
[Date "2023.11.28"]
[Round "9"]
[White "RodokininEV"]
[Black "MightyGMpretender"]
[Result "1-0"]
[WhiteElo "2634"]
[BlackElo "2805"]
[TimeControl "180+1"]
[EndTime "9:51:57 PST"]
[Termination "RodokininEV won on time"]

1. d4 Nf6 2. c4 e6 3. Nf3 d5 4.
Nc3 Ne4 5. Qc2 Nxc3 6. Qxc3 a5 7. Qc2 Nc6 8. e3 Bb4+ 9. Bd2 Bxd2+ 10. Qxd2 O-O 11.
Rc1 Qe7 12. Be2 dxc4 13. Bxc4 e5 14. dxe5 Nxe5 15. Nxe5 Qxe5 16. O-O c6 17. Rfd1 Bg4 18. Be2 Be6 19. b3 a4 20. Qb4 Qb2 21. Bc4 Bxc4 22. Rxc4 axb3 23. axb3 Ra1 24. Qe1 Qxb3 25. Rxa1 Qxc4 26.
Rc1 Qe6 27. Qb4 b5 28. Rd1 g6 29. h4 Rc8 30. Rd6 Qe5 31. Rd7 Qa1+ 32. Kh2 Qe5+ 33.
Kg1 Qf5 34. Qe7 Qe6 35. Rd8+ Rxd8 36. Qxd8+ Kg7 37. Qd4+ Qf6 38. Qc5 h5 39. g3 Qa1+ 40. Kg2 Qf6 41. Kg1 Qe6 42. Qd4+ Kg8 43. Qc5 Qd5 44.
Qe7 Qd1+ 45. Kg2 Qd5+ 46. e4 Kg7 47. exd5 1-0

[Event "Early-Titled-Tuesday-Blitz-November-28-2023"]
[Site "Chess.com"]
[Date "2023.11.28"]
[Round "9"]
[White "Meri-Arabidze"]
[Black "DawidCzerw"]
[Result "1-0"]
[WhiteElo "2696"]
[BlackElo "2538"]
[TimeControl "180+1"]
[EndTime "9:51:59 PST"]
[Termination "Meri-Arabidze won on time"]

1. Nf3 c5 2. b3 g6 3. Bb2 Nf6 4. g3 Bg7 5. Bg2 O-O 6. O-O Nc6 7. c4 b6 8. d4 cxd4 9. Nxd4 Bb7 10. e3 Rc8 11. Nc3 d6 12. Rc1 Ba8 13. Nde2 Ne5 14. e4 h5 15. h3 h4 16. g4 g5 17. f4 gxf4 18. Nxf4 Ng6 19. Nh5 Nxh5 20. gxh5 Ne5 21. Rc2 e6 22. Kh1 Kh8 23. Nb5 Qg5 24. Nxd6 Rcd8 25. Rd2 Rd7 26. b4 f6 27. c5 bxc5 28.
bxc5 Bh6 29. Rdf2 Rg7 30. Bc1 Qxc1 31. Qxc1 Bxc1 32. Rxc1 Nd3 33. Rfc2 Nxc1 34. Rxc1 Rfg8 35. Rc2 Bc6 36. Kh2 f5 37. Bf3 Rg3 38. Nf7+ Kh7 39.
Ne5 fxe4 40. Bg4 Bd5 41. c6 Rc8 42. c7 Ra3 43. Rc5 Rxa2+ 44. Kg1 e3 45. Rxd5 1-0

[Event "Early-Titled-Tuesday-Blitz-November-28-2023"]
[Site "Chess.com"]
[Date "2023.11.28"]
[Round "9"]
[White "KNVB"]
[Black "DeArron_Fox"]
[Result "1-0"]
[WhiteElo "2705"]
[BlackElo "2470"]
[TimeControl "180+1"]
[EndTime "9:51:59 PST"]
[Termination "KNVB won on time"]

1. e4 c5 2. h4 Nc6 3. Nc3 e6 4.
h5 d5 5. Bb5 h6 6. d3 Bd6 7.
exd5 exd5 8. Nxd5 Be6 9. Bxc6+ bxc6 10. Nf4 Bxf4 11. Bxf4 Nf6 12. b3 O-O 13. Ne2 Re8 14. Qd2 Bg4 15. f3 Bxh5 16. Kf2 Bg6 17. Rae1 Nd5 18. Nc3 Qf6 19. Nxd5 cxd5 20. Rxe8+ Rxe8 21. Re1 Qd4+ 22. Be3 Qh4+ 23. Kf1 c4 24. dxc4 dxc4 25. Bf2 Qh1+ 26. Bg1 Rxe1+ 27. Qxe1 Bxc2 28. bxc4 Bd3+ 29. Kf2 Bxc4 30. Qe8+ Kh7 31. Qe4+ f5 32. Qxc4 Qh5 33. Qd3 Qg6 34. Kf1 Qe6 35. a3 g6 36. Bxa7 h5 37. Be3 Qc6 38. Bd2 Qa4 39. Qe3 Qd1+ 40. Kf2 Qb1 41.
Qh6+ Kg8 42. Qxg6+ Kf8 43. Bb4+ 1-0

[Event "Early-Titled-Tuesday-Blitz-November-28-2023"]
[Site "Chess.com"]
[Date "2023.11.28"]
[Round "9"]
[White "tusplingher"]
[Black "Aleksandar-Topalov"]
[Result "0-1"]
[WhiteElo "2491"]
[BlackElo "2398"]
[TimeControl "180+1"]
[EndTime "9:52:00 PST"]
[Termination "Aleksandar-Topalov won on time"]

1. e4 e6 2. d4 d5 3. exd5 exd5 4. Nf3 c5 5. Bb5+ Nc6 6. O-O Bd6 7. c4 dxc4 8. d5 a6 9. Ba4 b5 10. dxc6 bxa4 11. Qxa4 Ne7 12. Nbd2 O-O 13. Nxc4 Qc7 14. Nxd6 Qxd6 15. Bf4 Qxc6 16. Qxc6 Nxc6 17. Bd6 Re8 18.
Bxc5 Re2 19. Rfe1 Rxe1+ 20. Rxe1 Be6 21. b3 Rd8 22. h3 h6 23. Rc1 Rd3 24. Be3 Nb4 25.
Ne1 Rd8 26. a3 Nd5 27. Bc5 Nf4 28. Rb1 Rd2 29. Be3 Ne2+ 30. Kf1 Ra2 31. Nf3 Nc3 32. Rc1 Nd5 33. Bc5 Rb2 34. b4 Ra2 35. Nd4 Rxa3 36.
Nxe6 fxe6 37. b5 Ra2 38. b6 Rb2 39. Ra1 Nf4 40. Be3 Nd5 41. Rxa6 Kf7 42. Ra7+ Kg6 43. b7 Nxe3+ 44. fxe3 Kf5 0-1

[Event "Early-Titled-Tuesday-Blitz-November-28-2023"]
[Site "Chess.com"]
[Date "2023.11.28"]
[Round "9"]
[White "Good_Knight_Kiss"]
[Black "BarloNadera"]
[Result "0-1"]
[WhiteElo "2330"]
[BlackElo "2176"]
[TimeControl "180+1"]
[EndTime "9:52:00 PST"]
[Termination "BarloNadera won on time"]

1. e4 c6 2. d4 d5 3. Nc3 dxe4 4. Nxe4 Bf5 5. Ng3 Bg6 6. h4 h6 7. Nf3 Nd7 8. h5 Bh7 9. Bd3 Bxd3 10. Qxd3 e6 11. Bd2 Ngf6 12. O-O-O Bd6 13. Ne4 Nxe4 14. Qxe4 Nf6 15. Qe2 Qc7 16. Kb1 O-O-O 17. c4 c5 18.
Bc3 cxd4 19. Bxd4 a6 20. Ne5 Bxe5 21. Bxe5 Qc6 22. f4 Rxd1+ 23. Rxd1 Rd8 24. Rxd8+ Kxd8 25. a3 Ke7 26. g4 Kf8 27. Bxf6 gxf6 28. Ka2 Ke7 29.
Qd3 Qg2 30. Qh7 Qxg4 31. Qxh6 Qe2 32. Kb3 Qd3+ 33. Kb4 b6 34. Qh8 Qd6+ 35. Kb3 Qd3+ 36. Kb4 Qd2+ 37. Kb3 Qxf4 38. Qg7 Qe3+ 39. Kb4 Qc5+ 40.
Kb3 Qxh5 41. Qg3 Qc5 42. Qf4 b5 43. cxb5 Qxb5+ 44. Ka2 e5 45. Qe4 Ke6 46. Qa8 Qd5+ 0-1

[Event "Early-Titled-Tuesday-Blitz-November-28-2023"]
[Site "Chess.com"]
[Date "2023.11.28"]
[Round "9"]
[White "kuli4ik"]
[Black "RobertJFischer71"]
[Result "1-0"]
[WhiteElo "2880"]
[BlackElo "2645"]
[TimeControl "180+1"]
[EndTime "9:52:01 PST"]
[Termination "kuli4ik won on time"]

1. Nf3 Nf6 2. g3 d5 3. Bg2 Bf5 4. c4 c6 5. Qb3 Qb6 6. cxd5 cxd5 7. Qxb6 axb6 8. Nc3 Nc6 9. d3 e6 10. a3 Be7 11. O-O h6 12. Bf4 O-O 13. Rfc1 Rfc8 14. Nb5 Ne8 15. Be3 Bd8 16. Nfd4 Bg6 17. f4 Nxd4 18. Bxd4 f6 19. e4 Bf7 20. exd5 exd5 21.
Nc3 Rc6 22. Re1 Nc7 23. f5 Rd6 24. g4 Na6 25. b4 Nb8 26. Bf2 Nc6 27. Nb5 Rd7 28.
h3 Ne5 29. Rad1 Rc8 30. Bg3 Bc7 31. Nxc7 Rcxc7 32. d4 Nc4 33. Bxc7 Rxc7 34. Rc1 b5 35. Kf2 Rc8 36. Rc3 Ra8 37. Re7 Ra7 38. Bf1 Kf8 39.
Rc7 Nxa3 40. Rc8+ Be8 41. Re3 1-0

[Event "Early-Titled-Tuesday-Blitz-November-28-2023"]
[Site "Chess.com"]
[Date "2023.11.28"]
[Round "9"]
[White "bubeliang"]
[Black "falzehope0"]
[Result "1-0"]
[WhiteElo "2650"]
[BlackElo "2390"]
[TimeControl "180+1"]
[EndTime "9:52:01 PST"]
[Termination "bubeliang won by resignation"]

1. e4 d5 2. exd5 Nf6 3. Bb5+ Nbd7 4. Nf3 a6 5. Bc4 b5 6. Bb3 Nc5 7. O-O Nxb3 8. axb3 Bb7 9. c4 g6 10. Nc3 Bg7 11.
d4 O-O 12. Be3 Ng4 13. Qd2 Nxe3 14. fxe3 Qd7 15. e4 b4 16. Ne2 a5 17. Ne5 Qd8 18. Nd3 e6 19. Nc5 Bc8 20. Nf4 e5 21. dxe5 Bxe5 22.
Ncd3 Bd4+ 23. Kh1 Qg5 24. Rae1 f5 25. e5 Bb7 26. Nxb4 Bb6 27. Nbd3 Rae8 28. c5 Ba7 29. Qxa5 Ra8 30. Qb5 Rfb8 31. Qd7 Ba6 32. Qe6+ Kh8 33. Qxa6 Bxc5 34. Qc6 Bb6 35. d6 cxd6 36. exd6 Qf6 37. Nd5 Qg7 38. Nxb6 Ra6 39. Re8+ Rxe8 40. Qxe8+ Qg8 41.
Qxg8+ Kxg8 42. d7 Rxb6 43. d8=Q+ Kg7 44. Qxb6 Kh6 45. Qe3+ Kg7 46. g4 h5 47. gxf5 gxf5 48.
Rxf5 h4 49. Qg5+ Kh8 50. Kg1 Kh7 51. Kf1 h3 52. Ke1 Kh8 53. Kd1 Kh7 54. Kc1 Kh8 55.
Kb1 Kh7 56. Ka1 Kh8 57. Ka2 Kh7 58. Ka3 Kh8 59. Ka4 Kh7 60. Kb4 Kh8 61. Kc4 Kh7 62. Kd4 Kh8 63. Ke4 Kh7 64. Ke3 Kh8 65. Kf3 Kh7 66. Kg3 Kh8 67. Kxh3 Kh7 68. Kg4 Kh8 69.
Kf4 Kh7 70. Ke5 Kh8 71. Kd5 Kh7 72. Kd6 Kh8 73. Kc6 Kh7 74. Kb6 Kh8 75. Ka6 Kh7 76.
Ka5 Kh8 77. Ka4 Kh7 78. Ka3 Kh8 79. Ka2 Kh7 80. Ka1 Kh8 81. Kb1 Kh7 82. Kc1 Kh8 83. b4 Kh7 84. Kc2 Kh8 85. Kc3 Kh7 86.
Kc4 Kh8 87. b3 Kh7 88. Kd4 Kh8 89. Ke3 Kh7 90. Ke2 Kh8 91. Kf2 Kh7 92. h3 Kh8 93.
Kf3 Kh7 94. Ke4 Kh8 95. Kd5 Kh7 96. Kd6 Kh8 97. Kd7 Kh7 98. Kc7 Kh8 99. Kc8 Kh7 100. Rf4 1-0

[Event "Early-Titled-Tuesday-Blitz-November-28-2023"]
[Site "Chess.com"]
[Date "2023.11.28"]
[Round "9"]
[White "Artem_Sadovsky"]
[Black "bazar-wokzal"]
[Result "1-0"]
[WhiteElo "2538"]
[BlackElo "2619"]
[TimeControl "180+1"]
[EndTime "9:52:01 PST"]
[Termination "Artem_Sadovsky won on time"]

1. Nf3 c5 2. e3 g6 3. c4 Bg7 4.
Nc3 Nf6 5. Be2 O-O 6. O-O Nc6 7. d4 cxd4 8. Nxd4 b6 9. Nxc6 dxc6 10. Qc2 Qc7 11.
e4 Rd8 12. Be3 Ng4 13. Bxg4 Bxg4 14. f3 Be6 15. b3 Rd7 16. Rad1 Rad8 17. Rxd7 Rxd7 18.
Rd1 Be5 19. g3 h5 20. Rxd7 Qxd7 21. Qd2 Qxd2 22. Bxd2 Bd4+ 23. Kg2 f5 24. exf5 gxf5 25. Ne2 Bf6 26. Bc3 Kg7 27. Bxf6+ Kxf6 28. Kf2 Bf7 29. f4 a5 30. Ke3 a4 31. Nd4 c5 32. Nc6 axb3 33.
axb3 Be8 34. Ne5 Ke6 35. Kf2 Kf6 36. Kg2 b5 37. Kh3 Ke6 38. Kh4 Kd6 39. Kg5 e6 40. cxb5 Bxb5 41. Kxh5 Be2+ 42. Kg5 Bd1 43. Nc4+ Kc6 44.
h4 Kb5 45. Nd2 Kb4 46. h5 Bxh5 47. Kxh5 Kc3 48. Nf3 Kxb3 49. Ng5 c4 50. Nxe6 c3 51. Nd4+ Kc4 52. Nc2 Kd3 53. Na3 Ke4 54. Kg5 Kf3 55. Kxf5 Kxg3 56. Ke5 Kg4 57. f5 1-0

[Event "Early-Titled-Tuesday-Blitz-November-28-2023"]
[Site "Chess.com"]
[Date "2023.11.28"]
[Round "9"]
[White "Mystery2007"]
[Black "Kotofeyca"]
[Result "1-0"]
[WhiteElo "2561"]
[BlackElo "2441"]
[TimeControl "180+1"]
[EndTime "9:52:01 PST"]
[Termination "Mystery2007 won by resignation"]

1. Nf3 d5 2. b3 c6 3. Bb2 Bg4 4. Ne5 Bh5 5. g4 Bg6 6. h4 Be4 7. f3 f6 8. d3 fxe5 9. dxe4 d4 10. e3 c5 11. Bb5+ Nc6 12. Bxc6+ bxc6 13. Na3 Nh6 14. Nc4 Nf7 15. Qd2 g6 16. Ba3 Bg7 17. Bxc5 Nd6 18. Qd3 O-O 19. Ke2 Qd7 20. exd4 exd4 21.
Bxd4 Nb5 22. Bxg7 Qxd3+ 23. cxd3 Kxg7 24. Rhf1 Nd4+ 25. Ke3 Nc2+ 26. Ke2 Nd4+ 27. Ke3 Nc2+ 28. Kf2 Nxa1 29. Rxa1 Rad8 30. Ne5 Rd6 31. Rc1 Kf6 32. f4 Rfd8 33. Ke3 Ke6 34. Rxc6 Rxc6 35. Nxc6 Rd7 36. d4 Kd6 37. d5 e6 38. Ne5 Rc7 39. Nc4+ Kd7 40.
d6 Rc5 41. Kd4 h5 42. Kxc5 hxg4 43. Ne5+ Kd8 44. Nxg4 1-0

[Event "Early-Titled-Tuesday-Blitz-November-28-2023"]
[Site "Chess.com"]
[Date "2023.11.28"]
[Round "9"]
[White "maurovargas01"]
[Black "PawnEatingZombie"]
[Result "0-1"]
[WhiteElo "1848"]
[BlackElo "2176"]
[TimeControl "180+1"]
[EndTime "9:52:01 PST"]
[Termination "PawnEatingZombie won on time"]

1. e4 e6 2. f4 d5 3. e5 c5 4. Nf3 h5 5. h3 h4 6. Bb5+ Bd7 7.
Be2 Nh6 8. O-O Nf5 9. Re1 Nc6 10.
d3 Be7 11. c3 Qc7 12. Nbd2 O-O-O 13. Nf1 Kb8 14. Rb1 f6 15. a3 fxe5 16. fxe5 Nxe5 17.
Bd2 Bd6 18. Qc1 Nxf3+ 19. Bxf3 Rdf8 20. b4 c4 21. dxc4 Qxc4 22. Ne3 Nxe3 23. Bxe3 e5 24. Bf2 Rxf3 25. gxf3 Bxh3 26. Qe3 b6 27. f4 Bf5 28. fxe5 Qg4+ 29. Kh2 Re8 30. Rg1 Rxe5 31. Rxg4 Rxe3+ 32. Kg2 h3+ 33. Kg1 h2+ 34. Kh1 Be4+ 35. Rxe4 Rxe4 36. Rd1 Rf4 37. Bd4 g5 0-1

[Event "Early-Titled-Tuesday-Blitz-November-28-2023"]
[Site "Chess.com"]
[Date "2023.11.28"]
[Round "9"]
[White "FischerKasparow"]
[Black "nuadvaga"]
[Result "0-1"]
[WhiteElo "2078"]
[BlackElo "2266"]
[TimeControl "180+1"]
[EndTime "9:52:01 PST"]
[Termination "nuadvaga won on time"]

1. e4 Nc6 2. Nf3 d5 3. exd5 Qxd5 4. Nc3 Qa5 5. Bc4 Bg4 6. h3 Bh5 7. d3 O-O-O 8. g4 Bg6 9. Bd2 Ne5 10. Nxe5 Qxe5+ 11. Be3 Nf6 12. Qf3 e6 13. O-O-O Qa5 14. Rhe1 Bb4 15.
Bd2 Rhe8 16. Kb1 Nd7 17. Bb3 Nc5 18. h4 Nxb3 19. axb3 h5 20. g5 Rd6 21. Qe3 Ra6 22. Na4 b5 23. Bxb4 Qxb4 24. Nc3 Qa5 25. Kc1 Rd8 26. Qc5 Rd5 27. Nxd5 exd5 28. Qf8+ Kb7 29.
Qxg7 Rc6 30. Qd4 Rd6 31. Re5 b4 32. Kd2 Qb5 33. Ra1 a5 34. Re8 Qxe8 35. Qc5 Qc6 36. Qxa5 Kc8 37. Qa7 Kd7 38. Re1 Qb6 39. Qa8 Re6 40.
Rxe6 Qxe6 0-1

[Event "Early-Titled-Tuesday-Blitz-November-28-2023"]
[Site "Chess.com"]
[Date "2023.11.28"]
[Round "9"]
[White "Flawless_Fighter"]
[Black "dmosesov"]
[Result "1/2-1/2"]
[WhiteElo "2797"]
[BlackElo "2620"]
[TimeControl "180+1"]
[EndTime "9:52:02 PST"]
[Termination "Game drawn by repetition"]

1. e4 Nf6 2. Nc3 d5 3. exd5 Nxd5 4. Nf3 g6 5. Bc4 Nb6 6. Bb3 Bg7 7. O-O O-O 8. d4 Nc6 9. Be3 Bg4 10. h3 Bxf3 11. Qxf3 Nxd4 12. Qxb7 a5 13. a4 Rb8 14.
Qa6 Ra8 15. Qb7 Rb8 16. Qe4 e5 17. Rad1 Kh8 18. Nb5 f5 19. Qd3 Nxb3 20. Qxb3 Qe7 21. c3 c6 22. Na3 Nd5 23. Qc2 f4 24. Bc1 e4 25. Rfe1 e3 26. fxe3 fxe3 27. c4 Rf2 28.
Re2 Nb4 29. Rxf2 Nxc2 30. Rxc2 Rd8 31. Re1 Bd4 32. Rce2 Bc5 33. Nc2 Qe4 34. b3 Rd3 35. Bxe3 Bxe3+ 36. Nxe3 Rxb3 37. Ng4 Qd4+ 38. Kh1 Rb8 39.
Re7 Rf8 40. R1e4 Qa1+ 41. Kh2 Qxa4 42. Ne5 Qb4 43. Nf7+ Kg8 44. Nh6+ Kh8 45. Nf7+ Kg8 46. Nh6+ Kh8 47. Nf7+ 1/2-1/2